Map: Kairos Junction LE

Players

Future - Winner!

  • Race: Terran Terran
  • League: Grandmaster
  • Spawn Location: 11:00

Tesla (Rob)

  • Race: Protoss Protoss
  • League: Grandmaster
  • Spawn Location: 5:00

Event: Cheeseadelphia 8

VOD

Have the link to the VOD?

Description

Time

  • Played on: Dec. 9, 2018, 11:24 a.m.
  • Length: 12:10

All games in this series

Show
View Real Time Build Order
Export as new Build Order

Future Terran - Winner!

Build Orders: Gas First Reaper Expand 

Get SALT Encoding   

  12  0:00  SCV  
  13  0:12  SCV  
  14  0:17  Supply Depot  
  14  0:24  SCV  
  14  0:28  Refinery  
  15  0:39  SCV  
  16  0:44  Barracks  
  16  0:51  SCV  
  17  1:03  SCV  
  18  1:15  SCV  
  19  1:31  Reaper, Orbital Command  
  20  1:44  Command Center  
  20  1:56  Factory  
  20  1:59  SCV  
  21  2:07  Barracks Reactor  
  21  2:11  SCV  
  21  2:15  Supply Depot  
  22  2:20  Bunker  
  22  2:23  SCV  
  22  2:28  Refinery  
  23  2:36  SCV  
  24  2:40  Widow Mine  
  24  2:44  Marine x2  
  27  2:49  Supply Depot  
  27  2:57  Starport  
  27  2:59  SCV  
  27  3:03  Factory Tech Lab  
  28  3:14  SCV  
  28  3:19  Marine  
  28  3:20  Marine  
  29  3:30  Siege Tank  
  31  3:35  SCV, Starport Tech Lab  
  31  3:42  Marine  
  31  3:43  Marine  
  31  3:47  SCV  
  34  3:52  Orbital Command  
  34  3:59  SCV  
  34  4:02  Cloaking Field  
  35  4:05  Banshee  
  38  4:10  Marine x2  
  38  4:14  SCV  
  41  4:18  SCV  
  42  4:24  Supply Depot, Engineering Bay  
  42  4:26  SCV  
  42  4:30  SCV  
  43  4:32  Marine  
  43  4:36  Marine  
  45  4:41  SCV  
  45  4:45  SCV  
  45  4:50  Banshee  
  48  4:53  Marine  
  48  4:54  Marine, SCV  
  48  4:57  SCV  
  52  5:01  Siege Tank  
  52  5:05  Supply Depot  
  52  5:06  SCV  
  56  5:09  SCV  
  56  5:14  Missile Turret  
  57  5:18  SCV  
  57  5:20  Marine x2  
  58  5:22  SCV  
  58  5:25  Missile Turret  
  59  5:29  Supply Depot  
  59  5:30  SCV  
  59  5:32  Banshee  
  63  5:37  Siege Tank  
  63  5:38  Marine x2  
  63  5:40  SCV  
  63  5:42  SCV  
  69  5:52  SCV  
  69  5:54  SCV  
  69  5:56  Marine  
  72  5:59  Marine  
  73  6:04  SCV  
  73  6:06  SCV  
  73  6:09  Siege Tank  
  75  6:13  Command Center  
  78  6:21  SCV x2  
  78  6:24  Supply Depot  
  78  6:25  Refinery x2  
  77  6:26  Marine  
  77  6:27  Marine  
  79  6:34  Barracks x2, SCV  
  80  6:41  SCV  
  80  6:43  Marine  
  73  6:47  Siege Tank  
  73  6:48  SCV  
  73  6:53  SCV  
  78  6:54  Marine  
  78  6:58  Engineering Bay  
  78  7:00  SCV  
  80  7:01  Engineering Bay  
  80  7:02  Marine  
  80  7:07  SCV  
  82  7:12  Marine  
  82  7:13  Supply Depot x2  
  77  7:19  Siege Tank  
  80  7:29  Orbital Command  
  82  7:30  Barracks Tech Lab x2  
  82  7:31  Terran Infantry Weapons Level 1  
  82  7:33  Terran Infantry Armor Level 1  
  82  7:34  Marine x2  
  82  7:38  Starport Reactor  
  81  7:49  Bunker  
  81  7:50  Combat Shield  
  81  7:51  Barracks, Stimpack  
  80  7:52  Barracks  
  80  7:54  Marauder  
  80  7:55  Marauder  
  85  8:00  Marine x2  
  85  8:10  Missile Turret  
  85  8:13  Factory Reactor  
  85  8:14  SCV  
  85  8:15  Medivac x2, SCV  
  85  8:19  Marauder x2  
  94  8:20  Marine x2  
  95  8:37  Supply Depot  
  95  8:38  Supply Depot, Marine x2  
  95  8:39  Barracks Tech Lab  
  95  8:40  Marauder x2, Barracks Reactor  
  95  8:41  Armory  
  101  8:46  Medivac x2  
  105  8:59  Marine, Marauder  
  105  9:01  Marauder  
  110  9:03  Widow Mine x2  
  110  9:05  Marine x2  
  116  9:16  Marine  
  117  9:17  Marine  
  117  9:18  Marine  
  117  9:20  Marauder  
  117  9:23  Marauder  
  123  9:26  Medivac  
  123  9:27  Supply Depot x2  
  123  9:28  Medivac  
  127  9:39  Marauder  
  127  9:41  Marauder  
  127  9:44  Marine, Marauder  
  127  9:45  Marine x2  
  136  9:53  Marine  
  136  9:57  Widow Mine  
  138  10:00  Marauder  
  138  10:02  Marine x2  
  138  10:04  Widow Mine  
  138  10:05  Marauder  
  144  10:14  Marine x2  
  144  10:15  Marine  
  144  10:21  Marauder x2  
  147  10:27  Marauder  
  149  10:36  Marine  
  149  10:42  Marauder  
  152  10:43  Marauder  
  143  10:50  Marine, Marauder  
  143  10:51  Marine x2  
  143  10:54  Marine  
  141  10:59  Widow Mine  
  141  11:03  Marauder  
  145  11:04  Marauder  
  145  11:10  SCV  
  145  11:11  SCV, Marauder  
  148  11:13  Orbital Command  
  148  11:25  Marauder  
  148  11:27  Marine x2, Marauder  
  132  11:33  Marauder  
  132  11:35  Marine  
  132  11:37  Marine  
  116  11:46  Marauder  
  106  11:48  SCV x2  
  106  11:49  SCV  
Show
View Real Time Build Order
Export as new Build Order

Tesla Protoss 

Build Orders: Oracle Opening 

Get SALT Encoding   

  12  0:00  Probe  
  13  0:12  Probe  
  14  0:17  Pylon  
  14  0:24  Probe  
  15  0:32  Probe  
  15  0:37  Gateway  
  15  0:40  Probe  
  17  0:51  Probe  
  17  0:52  Assimilator  
  18  1:03  Probe  
  19  1:15  Probe  
  20  1:19  Zealot  
  20  1:23  Cybernetics Core  
  20  1:27  Probe  
  20  1:31  Pylon  
  23  1:51  Stalker  
  23  1:54  Nexus  
  25  2:04  Assimilator  
  25  2:07  Warp Gate  
  25  2:10  Probe  
  26  2:21  Pylon  
  26  2:22  Probe  
  27  2:29  Stalker  
  29  2:34  Probe  
  30  2:46  Probe  
  31  2:59  Probe  
  31  3:01  Stargate  
  32  3:11  Probe x2  
  32  3:21  Stalker  
  32  3:23  Probe  
  32  3:25  Probe  
  36  3:35  Probe  
  36  3:37  Probe  
  36  3:41  Oracle  
  38  3:44  Probe  
  38  3:45  Probe  
  42  3:52  Probe  
  42  3:53  Probe  
  42  3:54  Gateway  
  42  3:55  Gateway  
  41  4:01  Probe  
  43  4:03  Probe  
  43  4:04  Assimilator  
  43  4:05  Assimilator  
  43  4:08  Twilight Council  
  45  4:11  Robotics Facility  
  45  4:13  Probe  
  46  4:18  Probe  
  46  4:20  Stalker  
  49  4:28  Probe  
  49  4:30  Probe, Pylon  
  51  4:35  Blink  
  51  4:40  Probe  
  52  4:46  Probe  
  52  4:47  Pylon  
  53  4:53  Gateway  
  53  4:54  Immortal  
  53  4:56  Gateway  
  53  5:05  Stalker  
  59  5:12  Pylon  
  59  5:18  Stalker x2  
  63  5:23  Oracle  
  66  5:29  Observer  
  66  5:35  Stalker  
  69  5:37  Shield Battery  
  69  5:45  Stalker x2  
  73  5:53  Stalker x2  
  72  6:04  Stalker  
  69  6:13  Probe  
  69  6:14  Stalker x2  
  69  6:15  Probe  
  74  6:21  Probe  
  74  6:23  Probe  
  74  6:25  Shield Battery  
  76  6:28  Observer  
  78  6:34  Probe x2  
  69  6:46  Probe  
  58  6:48  Stalker  
  58  6:49  Stalker  
  58  6:54  Probe  
  62  6:58  Probe  
  63  7:02  Stalker  
  63  7:06  Probe  
  66  7:10  Probe  
  67  7:18  Stalker x3  
  67  7:22  Probe  
  74  7:27  Stalker  
  74  7:28  Warp Prism  
  76  7:36  Dark Shrine  
  76  7:44  Pylon  
  78  7:56  Forge  
  78  7:57  Immortal  
  82  8:14  Pylon  
  82  8:16  Charge  
  82  8:28  Immortal, Protoss Ground Weapons Level 1  
  86  8:43  Observer  
  86  8:47  Nexus  
  86  8:50  Dark Templar x4  
  86  8:55  Pylon  
  94  8:57  Pylon  
  94  9:10  Templar Archives  
  94  9:12  Immortal  
  94  9:13  Probe x2  
  94  9:14  Zealot  
  98  9:23  Zealot x3  
  108  9:36  Psionic Storm  
  108  9:40  Zealot  
  110  9:59  Pylon x2  
  110  10:00  High Templar, Pylon  
  110  10:01  High Templar  
  114  10:20  Dark Templar x2  
  114  10:21  Zealot  
  104  10:31  Zealot x3  
  104  10:34  Zealot  
  88  10:50  Zealot  
  84  10:57  High Templar x2  
  84  10:58  Zealot x2  
  83  11:18  Zealot x3  
  58  11:33  Zealot x2  
  58  11:38  Dark Templar  
  52  11:40  Dark Templar  
  39  11:54  Dark Templar, Zealot  
  29  11:55  Zealot  
Tags
 
Add a new tag
Caveats
  • Supply blocks, unpowered buildings, or Contaminate may cause inaccurate times.
  • Supply counts are checked every 10 seconds.